 Dungeon Crawl Stone Soup version 0.30.1-9-gdf580d7c3d (webtiles) character file.

Game seed: 10289351042325860108

2865 Psyclone the Nimble (level 9, -9/56 HPs)
             Began as a Deep Elf Conjurer on Sept 26, 2023.
             Was an Initiate of Ashenzari.
             Mangled by Joseph
             ... wielding a +6 quarterstaff
              (24 damage)
             ... on level 7 of the Dungeon.
             The game lasted 00:20:13 (6548 turns).

Psyclone the Nimble (Deep Elf Conjurer)             Turns: 6548, Time: 00:20:13

Health: -9/56      AC:  5    Str:  8    XL:     9   Next: 47%
Magic:  1/21       EV: 17    Int: 33    God:    Ashenzari [......]
Gold:   732        SH:  0    Dex: 18    Spells: 11/21 levels left

rFire   x . .        w - +0 short sword (flame)
rCold   . . .        (no shield)
rNeg    . . .        a - +0 robe
rPois   .            (no helmet)
rElec   .            h - +2 cloak {Stlth+}
rCorr   .            (no gloves)
SInv    .            (no boots)
Will    .....        p - amulet of regeneration
Stlth   +++          l - +6 ring of dexterity
HPRegen 1.09/turn    s - +6 ring of intelligence
MPRegen 0.17/turn

%: no passive effects
@: lethally poisoned (-9 -> -9)
A: strong 1, heat vulnerability 1
a: Renounce Religion


You were on level 7 of the Dungeon.
You worshipped Ashenzari.
Ashenzari was noncommittal.
You visited 2 branches of the dungeon, and saw 8 of its levels.
You also visited: Ossuary.

You collected 732 gold pieces.

Inventory:

Hand Weapons
 w - a +0 short sword of flaming (weapon)
Missiles
 o - 3 throwing nets {!f}
Armour
 a - a +0 robe (worn)
 h - a +2 cloak of stealth (worn)
Jewellery
 j - a ring of fire
 l - a +6 ring of dexterity (left hand)
 p - an amulet of regeneration (around neck)
 s - a +6 ring of intelligence (right hand)
Wands
 y - a wand of paralysis (14)
 z - a wand of mindburst (17)
Scrolls
 c - a scroll of vulnerability
 k - 8 scrolls of identify {@r1}
 m - a scroll of silence {!r}
 n - 2 scrolls of poison
 r - 2 scrolls of teleportation
 v - 2 scrolls of noise
Potions
 b - a potion of magic
 d - 4 potions of heal wounds
 e - a potion of might
 g - a potion of cancellation
 q - a potion of flight
 u - 2 potions of brilliance


   Skills:
 + Level 6.6 Fighting
 - Level 8.0 Dodging
 - Level 2.4 Stealth
 - Level 6.8 Spellcasting
 - Level 6.8 Conjurations
 - Level 6.0 Hexes


You had 11 spell levels left.
You knew the following spells:

 Your Spells              Type           Power      Damage    Failure   Level
a - Magic Dart            Conj           100%       1d8       1%          1
b - Searing Ray           Conj           100%       2d8       1%          2
d - Fulminant Prism       Conj/Hex       26%        3d14      2%          4
r - Swiftness             Air            11%        N/A       12%         3

Your spell library contained the following spells:

 Spells                   Type           Power      Damage    Failure   Level
 Ensorcelled Hibernation  Hex/Ice        62%        N/A       1%          2
 Dazzling Flash           Conj/Hex       100%       N/A       1%          3
 Stone Arrow              Conj/Erth      66%        3d11      3%          3
 Sandblast                Erth           22%        2d7       4%          1
 Passwall                 Tmut/Erth      9%         N/A       6%          2
 Iskenderun's Mystic Bla  Conj/Tloc      33%        2d8       10%         4
 Vhi's Electric Charge    Tloc/Air       22%        N/A       12%         3
 Arcjolt                  Conj/Air       16%        1d26      26%         5
 Animate Armour           Summ/Erth      22%        N/A       36%         4
 Lehudib's Crystal Spear  Conj/Erth      16%        10d5      100%        8
 Maxwell's Capacitive Co  Air            5%         ∞         100%        8
 Chain Lightning          Conj/Air       16%        3d22      100%        9
 Fire Storm               Conj/Fire      16%        8d4       100%        9
 Shatter                  Erth           5%         3d8*      100%        9


Dungeon Overview and Level Annotations

Branches:
Dungeon (7/15) Zot: 26985  Temple (1/1) D:6 Zot: 5976 Ossuary (visited)

Altars:
Ashenzari
Cheibriados
Dithmenos
Elyvilon
Fedhas
Gozag
Hepliaklqana
Kikubaaqudgha
Makhleb
Nemelex Xobeh
Qazlal
Ru
Sif Muna
Trog
Uskayaw
Vehumet
Wu Jian
Xom
Zin
The Shining One

Shops:
D:6 ?

Annotations:
D:7 Joseph


Innate Abilities, Weirdness & Mutations

Your muscles are strong. (Str +4, Int/Dex -1)
You are vulnerable to heat. (rF-)


Message History

Joseph seems to grow stronger.
Your fulminant prism crackles loudly.
The scorpion stings you.
You regained 12 hp, and now have 25/56 hp.
You feel sick. Joseph closely misses you. The scorpion barely misses you.
A scorpion comes into view.
Your fulminant prism explodes!
The blast of energy engulfs the ice beast!!
The ice beast is almost dead.
The blast of energy engulfs Joseph.
Joseph is almost dead.
The blast of energy engulfs the scorpion!!
You kill the scorpion!
You hear an angry buzzing noise. x2; You hear a shout!
You hear a loud, deep croak!
You hear an angry buzzing noise.
Casting: Fulminant Prism (dangerous; 2% risk of failure)
Confirm with . or Enter, or press ? or * to list all spells.
Aiming: Searing Ray (safe; 1% risk of failure)
Press: ? - help, Shift-Dir - straight line, f - ice beast
Aim: an ice beast (almost dead, 83% to hit)
The searing ray hits Joseph.
Joseph is almost dead.
The searing ray hits the ice beast.
You kill the ice beast! (Press . to maintain the ray.)
You feel sick.
A hound comes into view.
Joseph hits you with a +6 quarterstaff!
* * * LOW HITPOINT WARNING * * *
The hound moves out of view.
You take 10 damage, and have 15/56 hp.
You now have 1/21 mp.
Casting: Searing Ray (safe; 1% risk of failure)
Confirm with . or Enter, or press ? or * to list all spells.
You don't have enough magic to cast this spell.
You hit Joseph. You burn Joseph.
Joseph is almost dead.
You feel sick. Joseph barely misses you.
You feel sick.
Joseph hits you with a +6 quarterstaff!!
You die...

.... #..
##... ## #...
#....$
.##...# #....
.......
##<...# .....
#......#...#
..........#
.......@..#
......@..##
...s.....#
..........
..........#
...........
............
.........###.


You could see Joseph (strong) and a scorpion.

Vanquished Creatures
  A cyclops (D:6)
  Eustachio (D:5)
  Edmund (D:5)
  2 water moccasins (D:5)
  An orc warrior (D:6)
  A black bear (D:7)
  A sky beast (D:6)
  2 ice beasts
  3 ogres
  An elf zombie (Ossuary)
  3 bullfrogs (D:6)
  3 scorpions
  2 human zombies (Ossuary)
  A jelly (D:5)
  7 hounds
  A gnoll bouda (D:5)
  Ijyb (D:4)
  3 sleepcaps (D:6)
  3 iguanas
  2 orc wizards (D:6)
  2 mummies (Ossuary)
  14 gnolls
  6 adders
  An ufetubus (D:6)
  3 worms
  6 orcs
  6 ball pythons
  4 endoplasms
  2 giant cockroaches (D:4)
  5 gnoll zombies (Ossuary)
  6 hobgoblins
  6 jackals
  A quokka (D:1)
  8 bats
  4 frilled lizards
  4 goblins
  2 goblin zombies (Ossuary)
  2 hobgoblin zombies (Ossuary)
  4 kobolds
  2 orc zombies (Ossuary)
  4 rats
132 creatures vanquished.

Vanquished Creatures (others)
  10 fulminant prisms
10 creatures vanquished.

Grand Total: 142 creatures vanquished

Notes
Turn   | Place    | Note
-------+----------+-------------------------------------------
     0 | D:1      | Psyclone the Deep Elf Conjurer began the quest for the Orb.
     0 | D:1      | Reached XP level 1. HP: 10/10 MP: 6/6
   367 | D:1      | Reached XP level 2. HP: 15/15 MP: 5/8
   490 | D:1      | Found a faded altar of an unknown god.
  1246 | D:2      | Reached skill level 5 in Conjurations
  1246 | D:2      | Reached XP level 3. HP: 19/19 MP: 5/10
  1924 | D:2      | Learned a level 2 spell: Searing Ray
  2340 | D:3      | Reached XP level 4. HP: 21/24 MP: 4/12
  2596 | D:3      | Found a glowing golden altar of the Shining One.
  2768 | D:3      | Reached skill level 5 in Spellcasting
  2866 | D:3      | Noticed an ogre
  2882 | D:3      | Killed an ogre
  2883 | D:3      | Reached XP level 5. HP: 28/28 MP: 6/15
  3388 | D:4      | Reached XP level 6. HP: 32/32 MP: 11/17
  3454 | D:4      | Found a shimmering altar of Xom.
  3458 | D:4      | Found a bloodstained altar of Trog.
  3543 | D:4      | Found a stormy altar of Qazlal.
  3549 | D:4      | Found a shadowy altar of Dithmenos.
  3753 | D:4      | Noticed Ijyb
  3761 | D:4      | Killed Ijyb
  3995 | D:4      | Learned a level 4 spell: Fulminant Prism
  4018 | D:5      | Entered Level 5 of the Dungeon
  4023 | D:5      | Noticed Eustachio
  4030 | D:5      | Reached skill level 1 in Hexes
  4036 | D:5      | Killed Eustachio
  4037 | D:5      | Reached XP level 7. HP: 32/36 MP: 5/19
  4118 | D:5      | Noticed Edmund
  4152 | D:5      | Reached skill level 1 in Fighting
  4152 | D:5      | Reached skill level 3 in Dodging
  4203 | D:5      | Found a sand-covered staircase.
  4223 | Ossuary  | Entered an ossuary
  4412 | Ossuary  | Reached skill level 4 in Dodging
  4587 | Ossuary  | Reached XP level 8. HP: 44/45 MP: 8/20
  5009 | D:5      | Reached skill level 5 in Dodging
  5127 | D:5      | Killed Edmund
  5306 | D:6      | Reached skill level 6 in Dodging
  5376 | D:6      | Found a staircase to the Ecumenical Temple.
  5390 | Temple   | Entered the Ecumenical Temple
  5404 | Temple   | Became a worshipper of Ashenzari the Shackled
  5489 | D:6      | Learned a level 3 spell: Swiftness
  5595 | D:6      | Found an ornate altar of the Wu Jian Council.
  5732 | D:6      | Found Juajurr's Magic Scroll Shoppe.
  5762 | D:6      | Reached skill level 7 in Dodging
  6044 | D:6      | Noticed a cyclops
  6059 | D:6      | Killed a cyclops
  6060 | D:6      | Reached skill level 5 in Fighting
  6060 | D:6      | Reached skill level 8 in Dodging
  6060 | D:6      | Reached XP level 9. HP: 39/54 MP: 9/21
  6420 | D:6      | Identified a scroll of acquirement
  6420 | D:6      | Acquired Maxwell's Memoranda
  6424 | D:6      | Gained mutation: You are vulnerable to heat. (rF-) [potion
                  | of mutation]
  6424 | D:6      | Gained mutation: Your muscles are strong. (Str +4, Int/Dex
                  | -1) [potion of mutation]
  6534 | D:7      | Noticed Joseph
  6548 | D:7      | Mangled by Joseph

Illustrated notes

Levels and vault maps discovered:
D:1:      reono_arrival_mine, layout_loops_ring,
          ebering_ecumenical_altar_petrified, minmay_tall_x
D:2:      layout_basic
D:3:      layout_rooms, mainiacjoe_overflow_catwalk
D:4:      layout_rooms, chequers_temple_overflow_statue_of_worship, minitemple,
          uniq_ijyb
D:5:      layout_rooms, nicolae_ossuary_entry_monument, uniq_edmund,
          uniq_eustachio
D:6:      minmay_opposing_rooms, layout_rooms, nicolae_wu_jian_glorious_leap,
          minmay_temple_entry_glassed_door, serial_shops, shop,
          minmay_three_doors
D:7:      layout_cave_pools, minmay_misc_feat_cross, uniq_duvessa, uniq_joseph
Temple:   eino_temple_lava

Skill      XL: |  1  2  3  4  5  6  7  8  9 |
---------------+----------------------------+-----
Spellcasting   | 4 5 6 |  6.8
Conjurations   | 5 6 |  6.8
Hexes          | 4 6 |  6.0
Fighting       | 2 5 6 |  6.6
Dodging        | 4 8 |  8.0
Stealth        | |  2.4

Action                     |  1- 3 |  4- 6 |  7- 9 || total
---------------------------+-------+-------+-------++-------
  Melee: Short sword       |       |       |     1 ||     1
   Cast: Magic Dart        |    68 |    52 |    93 ||   213
         Searing Ray       |     3 |    16 |    35 ||    54
         Fulminant Prism   |       |       |    10 ||    10
    Use: Scroll            |       |       |    10 ||    10
         Potion            |       |       |     9 ||     9
 Armour: Robe              |     2 |     2 |     4 ||     8
  Dodge: Dodged            |    13 |     7 |    29 ||    49
